 Dungeon Sprint DCSS version 0.23.2-1-ga50397a6bc (webtiles) character file.

Game seed: 9559057095042773308

256 Kobolds4U the Destroyer (level 5, 0/28 HPs)
             Began as a Deep Elf Conjurer on Apr 24, 2019.
             Slain by a slime creature (4 damage)
             ... in the Dungeon (Sprint I: "Red Sonja").
             The game lasted 00:01:52 (446 turns).

Kobolds4U the Destroyer (Deep Elf Conjurer)          Turns: 446, Time: 00:01:52

Health: 0/28       AC:  2    Str:  5    XL:     5   Next: 92%
Magic:  8/18       EV: 17    Int: 21    God:
Gold:   162        SH:  0    Dex: 15    Spells: 19/22 levels left

rFire    . . .     SeeInvis .   h - +0 club
rCold    . . .     Gourm    .   (no shield)
rNeg     . . .     Faith    .   a - +0 robe
rPois    .         Spirit   .   (no helmet)
rElec    .         Reflect  .   (no cloak)
rCorr    .         Harm     .   (no gloves)
MR       .....     NoTele   +   (no boots)
Stlth    ++........             (no amulet)
HPRegen  0.09/turn              (no ring)
MPRegen  0.16/turn              (no ring)

@: no status effects
A: no striking features
a: no special abilities


You were in the Dungeon.
You were not hungry.

You visited 1 branch You collected 162 gold pieces.

Inventory:

Hand Weapons
 h - a +0 club (weapon)
Armour
 a - a +0 robe (worn)
 f - a +3 scale mail of poison resistance
Scrolls
 i - a scroll of blinking
Potions
 d - a potion of curing
 e - a potion of heal wounds
 g - 2 potions of magic
Comestibles
 b - 2 chunks of flesh
 c - a ration


   Skills:
 * Level 7.5 Dodging
 - Level 2.4 Stealth
 + Level 9.2 Spellcasting
 - Level 10.2 Conjurations


You had 19 spell levels left.
You knew the following spells:

 Your Spells              Type           Power        Failure   Level  Hunger
a - Magic Dart            Conj           ####         1%          1    None
b - Searing Ray           Conj           ######       1%          2    None

Your spell library contained the following spells:

 Spells                   Type           Power        Failure   Level  Hunger
 Iskenderun's Mystic Bla  Conj           ######..     1%          4    ##.....
 Dazzling Spray           Conj/Hex       ####..       2%          3    None
 Force Lance              Conj/Tloc      ####....     9%          4    ##.....
 Fulminant Prism          Conj/Hex       ####......   9%          4    ##.....


Dungeon Overview and Level Annotations

Branches:
Dungeon (1/1)

Altars:
Makhleb
Xom
Jiyva
Lugonu


Message History

(Press . to maintain the ray.)
The slime creature hits you!
Ouch! That really hurt!
The searing ray hits the slime creature.
The slime creature is almost dead.
The slime creature closely misses you.
The searing ray hits the slime creature!
The slime creature is almost dead.
The slime creature hits you!
* * * LOW HITPOINT WARNING * * *
Casting: Searing Ray (safe; 1% risk of failure)
Confirm with . or Enter, or press ? or * to list all spells.
Aiming: Searing Ray (safe; 1% risk of failure)
Press: ? - help, Shift-Dir - straight line, f/p - slime creature
Aim: a slime creature (almost dead)
The searing ray hits the slime creature.
The slime creature is almost dead. (Press . to maintain the ray.)
The slime creature hits you.
You die...

################ ##
#<.#..)..#..'..#__#
#..÷..#..)..#@J'^.+
#..#####'#####+#__#
#..# #..# ## #..#
#### #..# #⌠⌠# ####


You could see a slime creature.

Vanquished Creatures
  Sigmund (D)
  An ogre (D)
  Ijyb (D)
3 creatures vanquished.

Notes
Turn   | Place    | Note
-------+----------+-------------------------------------------
     0 | D        | Kobolds4U the Deep Elf Conjurer began the quest for the
                  | Orb.
     0 | D        | Reached XP level 1. HP: 10/10 MP: 6/6
     1 | D        | Noticed Ijyb
    14 | D        | Killed Ijyb
    14 | D        | Reached skill level 5 in Spellcasting
    14 | D        | Reached skill level 6 in Conjurations
    14 | D        | Reached XP level 2. HP: 11/15 MP: 7/10
    25 | D        | Learned a level 2 spell: Searing Ray
   170 | D        | Noticed an ogre
   174 | D        | Killed an ogre
   174 | D        | Reached skill level 9 in Conjurations
   174 | D        | Reached XP level 3. HP: 19/19 MP: 6/13
   174 | D        | Reached XP level 4. HP: 24/24 MP: 6/15
   243 | D        | Noticed Sigmund
   248 | D        | Killed Sigmund
   248 | D        | Reached skill level 10 in Conjurations
   248 | D        | Reached XP level 5. HP: 12/28 MP: 11/18
   437 | D        | Found a burning altar of Makhleb.
   437 | D        | Found a viscous altar of Jiyva.
   437 | D        | Found a shimmering altar of Xom.
   437 | D        | Found a corrupted altar of Lugonu.
   437 | D        | Noticed a slime creature
   446 | D        | Slain by a slime creature

Skill      XL: |  1  2  3  4 |
---------------+-------------+-----
Spellcasting   | 5 7 9 |  9.2
Conjurations   | 6 9 10 | 10.2
Dodging        | 7 |  7.5
Stealth        | |  2.4

Action                   |  1- 3 |  4- 6 || total
-------------------------+-------+-------++-------
Melee: Unarmed           |    11 |       ||    11
 Cast: Searing Ray       |     1 |     4 ||     5
  Use: Potion            |     2 |       ||     2
Armor: Robe              |     1 |       ||     1
Dodge: Dodged            |     3 |     2 ||     5
